 Dungeon Crawl Stone Soup version 0.16.1-18-g436b03c (webtiles) character file.

86405 Kaladin the Thaumaturge (level 15, 0/105 HPs)
             Began as a Mummy Wizard on Apr 26, 2015.
             Was the Champion of Sif Muna.
             Slain by an enchanted long sword (18 damage)
             ... on level 14 of the Dungeon on Apr 28, 2015.
             The game lasted 03:31:32 (44095 turns).

Kaladin the Thaumaturge (Mummy Wizard)             Turns: 44095, Time: 03:31:32

Health: 0/105      AC: 10    Str: 10    XL:     15   Next: 40%
Magic:  13/44      EV: 11    Int: 33    God:    Sif Muna [******]
Gold:   1673       SH:  0    Dex:  6    Spells: 9 memorised, 8 levels left

rFire  . . .     SeeInvis .     l - staff of wizardry {wiz+, !a}
rCold  + + .     Clarity  .     w - +2 leather armour of Fitis {MR+ Regen+ MP+9 Int+6 Dex-2}
rNeg   + + +     SustAb   .     (no shield)
rPois  ∞         Gourm    .     a - +2 hat
rElec  +         Spirit   .     n - +0 cloak
rCorr  +         Warding  +     H - +1 pair of gloves "Smacwiar" {rC+ rCorr Int+5 Dex-2 Slay+3}
rMut   .         Stasis   .     (no boots)
MR     +++..                    B - amulet "Ghukh" {Ward rElec rN+}
Stlth  +.........               f - ring of protection from fire {rF+, !d}
                                o - ring of protection from magic {MR+, !d}

@: about to teleport, repel missiles, extremely resistant to hostile
enchantments, very unstealthy
A: no food or potions, fire vulnerability, in touch with death, restore body,
cold resistance 1, negative energy resistance 3, poison resistance, torment
resistance, unbreathing
a: Self-Restoration, Channel Energy, Forget Spell, Renounce Religion


You were on level 14 of the Dungeon.
You worshipped Sif Muna.
Sif Muna was exalted by your worship.
You were not hungry.

You visited 4 branches of the dungeon, and saw 27 of its levels.
You also visited: Labyrinth.

You collected 2447 gold pieces.
You spent 774 gold pieces at shops.

Inventory:

Hand weapons
 b - a +1 demon trident of electrocution
   (You found it in a labyrinth)
 p - a +0 blowgun
   (You took it off a kobold on level 5 of the Dungeon)
 x - a +1 antimagic dagger
   (You took it off an orc wizard on level 10 of the Dungeon)
 E - the +11 spear "Clioxtue" {drain, +Inv rElec MR+ Str-2 SInv}
   (You found it on level 12 of the Dungeon)

   A truly terrible weapon, it drains the life of those it strikes.
   It affects your strength (-2).
   It insulates you from electricity.
   It affects your resistance to hostile enchantments.
   It enhances your eyesight.
   It lets you turn invisible.
 F - a +5 dagger of electrocution
   (You took it off a kobold on level 8 of the Dungeon)
Missiles
 g - 8 needles of confusion
 q - 4 poisoned needles
Armour
 a - a +2 hat (worn)
   (You found it on level 6 of the Dungeon)
 n - a +0 cloak (worn)
   (You found it on level 4 of the Dungeon)
 w - the +2 leather armour of Fitis (worn) {MR+ Regen+ MP+9 Int+6 Dex-2}
   (You found it on level 7 of the Lair of Beasts)

   It affects your intelligence (+6).
   It affects your dexterity (-2).
   It affects your resistance to hostile enchantments.
   It affects your magic capacity (+9).
   It increases your rate of regeneration.
 D - a +0 leather armour of fire resistance
   (You found it on level 1 of the Lair of Beasts)
 H - the +1 pair of gloves "Smacwiar" (worn) {rC+ rCorr Int+5 Dex-2 Slay+3}
   (You found it in a labyrinth)

   It affects your intelligence (+5).
   It affects your dexterity (-2).
   It affects your accuracy and damage with ranged weapons and melee attacks
   (+3).
   It protects you from cold.
   It protects you from acid and corrosion.
 I - a +1 robe of fire resistance
   (You took it off a wight on level 9 of the Dungeon)
Magical staves
 l - an uncursed staff of wizardry (weapon) {wiz+, !a}
   (You found it on level 8 of the Lair of Beasts)
 u - an uncursed staff of death {unknown}
   (You found it on level 3 of the Orcish Mines)
Jewellery
 c - the amulet of Jealousy {Stasis rPois rF+ Str-5 Dex+4 Stlth-}
   (You took it off an orc warrior on level 3 of the Orcish Mines)

   [amulet of stasis]

   It prevents you from being teleported, slowed, hasted or paralysed.
   It affects your strength (-5).
   It affects your dexterity (+4).
   It protects you from fire.
   It protects you from poison.
   It makes you less stealthy.
 f - a ring of protection from fire (right hand) {rF+, !d}
   (You found it on level 3 of the Dungeon)
 h - an uncursed ring of magical power {MP+9}
   (You found it on level 2 of the Dungeon)
 j - an uncursed amulet of rage {+Rage, !d}
   (You found it on level 8 of the Lair of Beasts)
 m - an uncursed ring of flight {+Fly, !d}
   (You found it on level 2 of the Dungeon)
 o - a ring of protection from magic (left hand) {MR+, !d}
   (You found it on level 7 of the Lair of Beasts)
 B - the amulet "Ghukh" (around neck) {Ward rElec rN+}
   (You took it off an orc on level 3 of the Orcish Mines)

   [amulet of warding]

   It may prevent the melee attacks of summoned creatures.
   It insulates you from electricity.
   It protects you from negative energy.
 K - a cursed -2 ring of strength
   (You found it on level 12 of the Dungeon)
 N - a +5 ring of intelligence
   (You found it on level 1 of the Lair of Beasts)
 O - a +2 ring of protection
   (You found it on level 1 of the Lair of Beasts)
 Q - an uncursed ring of stealth {Stlth+}
   (You found it on level 3 of the Lair of Beasts)
 R - the amulet "Iriesm" {Spirit MP+9}
   (You found it on level 13 of the Dungeon)

   [amulet of guardian spirit]

   It causes incoming damage to be split between your health and magic.
   It affects your magic capacity (+9).
 W - an uncursed ring of ice {rC+, rF-}
   (You took it off Fannar on level 5 of the Lair of Beasts)
 Y - an uncursed ring of protection from cold {rC+, !d}
   (You found it on level 4 of the Lair of Beasts)
Magical devices
 d - a wand of confusion (29)
   (You found it on level 3 of the Lair of Beasts)
 e - a wand of cold (0)
   (You bought it in a shop on level 3 of the Orcish Mines)
 s - a wand of slowing (15)
   (You found it on level 8 of the Dungeon)
 A - a wand of teleportation (7)
   (You took it off an orc on level 7 of the Dungeon)
 C - a wand of flame (24)
   (You found it on level 9 of the Dungeon)
 G - a wand of digging (3)
   (You took it off Eustachio on level 8 of the Dungeon)
 J - a wand of confusion (38)
   (You found it on level 8 of the Lair of Beasts)
 L - a wand of digging (15)
   (You found it on level 12 of the Dungeon)
 P - a wand of lightning (3)
   (You found it on level 2 of the Lair of Beasts)
Scrolls
 i - 6 scrolls of enchant weapon
 k - 6 scrolls of amnesia
 r - 2 scrolls of remove curse
 t - 8 scrolls of magic mapping {!r}
 X - 2 scrolls of recharging
Books
 y - Lehudib's Volume of the Pit
   (Sif Muna gifted it to you on level 4 of the Orcish Mines)

   Spells                             Type                      Level
   a - Throw Frost                    Conjuration/Ice              2
   b - Throw Flame                    Conjuration/Fire             2
   c - Force Lance                    Conjuration/Translocation    4
   d - Lightning Bolt                 Conjuration/Air              5
   e - Spellforged Servitor           Conjuration/Summoning        7
 M - Sif Muna's Catalogue of Combat Magic
   (Sif Muna gifted it to you on level 12 of the Dungeon)

   Spells                             Type                      Level
   a - Shock                          Conjuration/Air              1
   b - Flame Tongue                   Conjuration/Fire             1
   c - Conjure Flame                  Conjuration/Fire             3
   d - Force Lance                    Conjuration/Translocation    4
   e - Fulminant Prism                Conjuration/Hexes            4
   f - Conjure Ball Lightning         Conjuration/Air              6
Miscellaneous
 v - a phial of floods
   (You found it on level 3 of the Orcish Mines)


   Skills:
 - Level 6.2 Fighting
 - Level 4.9 Short Blades
 - Level 3.4 Armour
 - Level 3.8 Dodging
 - Level 1.5 Stealth
 - Level 12.5 Spellcasting
 + Level 12.5 Conjurations
 - Level 2.1 Charms
 - Level 3.8 Summonings
 - Level 0.7 Translocations
 + Level 9.4 Fire Magic
 + Level 10.3 Invocations


You had 8 spell levels left.
You knew the following spells:

 Your Spells              Type           Power        Failure   Level  Hunger
a - Magic Dart            Conj           ####         0%          1    N/A
c - Bolt of Fire          Conj/Fire      #######...   2%          6    N/A
e - Repel Missiles        Chrm/Air       ####..       1%          2    N/A
f - Iskenderun's Mystic   Conj           #######.     1%          4    N/A
g - Fireball              Conj/Fire      #######...   1%          5    N/A
x - Mephitic Cloud        Conj/Pois/Air  #####...     1%          3    N/A
z - Iskenderun's Battles  Conj/Chrm      ######..     2%          5    N/A
B - Summon Butterflies    Summ           #####...     1%          1    N/A
C - Control Teleport      Chrm/Tloc      ####......   7%          4    N/A

Dungeon Overview and Level Annotations

Branches:
Dungeon (14/15)            Temple (1/1) D:4            Lair (8/8) D:10
 Shoals (0/5) Lair:4        Snake (0/5) Lair:3        Slime (0/6) Lair:6
    Orc (4/4) D:9             Elf (0/3) Orc:4
 Vaults: D:13-14

Altars:
Ashenzari
Cheibriados
Dithmenos
Elyvilon
Fedhas
Gozag
Kikubaaqudgha
Makhleb
Nemelex Xobeh
Okawaru
Qazlal
Ru
Sif Muna
Trog
Vehumet
Xom
Yredelemnul
Zin
The Shining One
Jiyva

Shops:
D:13 (   Orc:1 [   Orc:3 *   Orc:4 *?}(

Portals:
Pandemonium: Orc:4

Annotations:
D:3 Grinder
Lair:2 exclusion: hydra
Lair:5 exclusion: oklob plant
Lair:7 exclusion: hydra


Innate Abilities, Weirdness & Mutations

You do not eat or drink.
Your flesh is vulnerable to fire.
You are in touch with the powers of death.
You can restore your body by infusing magical energy.
Your flesh is cold resistant.
You are immune to negative energy.
Your system is resistant to poisons.
You are immune to unholy pain and torment.
You can survive without breathing.


Message History

A cyclops comes into view.
You now have 34/44 mp.
Aim: a cyclops The bolt of fire hits the cyclops.
The cyclops throws a large rock.
The large rock hits you!!!
You take 37 damage, and have 68/105 hp.
MASSIVE DAMAGE!!
You now have 28/44 mp.
Aim: a cyclops (heavily wounded)
The bolt of fire hits the cyclops.
You kill the cyclops!
You now have 23/44 mp.
You channel some magical energy.
You regained 4 mp, and now have 27/44 mp.
You channel some magical energy.
You channel some magical energy.
You regained 2 mp, and now have 30/44 mp.
You channel some magical energy.
You regained 6 mp, and now have 36/44 mp.
You channel some magical energy.
You regained 4 mp, and now have 40/44 mp.
You channel some magical energy.
You regained 3 mp, and now have 43/44 mp.
You can't do that.
Things that are here:
4 large rocks {!d}; a cyclops corpse You regained 2 hp, and now have 75/105 hp.
MP restored: 44 A crocodile comes into view.
You regained 2 hp, and now have 77/105 hp.
Aim: a crocodile The bolt of fire misses the crocodile.
You now have 38/44 mp.
A deep elf mage comes into view. It is wielding a short sword.
The deep elf mage shouts!
Aim: a crocodile The bolt of fire hits the crocodile.
You kill the crocodile!
You now have 32/44 mp.
Aim: a deep elf mage, wielding a short sword The bolt of fire hits the deep elf mage.
You kill the deep elf mage!
You now have 27/44 mp.
You start resting.
A raven comes into view.
You regained 4 hp, and now have 84/105 hp.
A raven is nearby!
Unknown command.
The raven caws.
A raven and a tengu warrior come into view.
Aim: a raven The bolt of fire misses the raven.
The tengu warrior shouts!
The raven caws.
You now have 23/44 mp.
Aim: a raven The bolt of fire hits the raven. x2
The raven pecks you but does no damage. The raven barely misses you.
A raven comes into view.
You now have 17/44 mp.
Aim: a raven (almost dead)
The bolt of fire hits the raven.
You kill the raven!
The bolt of fire hits the raven.
You kill the raven!
The raven caws.
You now have 12/44 mp.
Aim: a tengu warrior, wielding a dire flail and wearing a leather armour The bolt of fire hits the tengu warrior.
The bolt of fire hits the raven.
You kill the raven!
You now have 6/44 mp.
You channel some magical energy.
An enchanted long sword comes into view.
You regained 4 mp, and now have 10/44 mp.
Aim: a tengu warrior, wielding a dire flail and wearing a leather armour (severely wounded)
The bolt of fire hits the tengu warrior.
You kill the tengu warrior!
The bolt of fire misses the enchanted long sword.
You now have 4/44 mp.
You channel some magical energy.
You regained 2 mp, and now have 6/44 mp.
You channel some magical energy.
You regained 4 mp, and now have 10/44 mp.
You channel some magical energy.
The enchanted long sword hits you!!
You take 18 damage, and have 72/105 hp.
You channel some magical energy.
The enchanted long sword hits you!! The enchanted long sword hits you!!
* * * LOW HITPOINT WARNING * * *
You take 43 damage, and have 29/105 hp.
MASSIVE DAMAGE!!
You regained 2 mp, and now have 13/44 mp.
Read which item? (? for menu, Esc to quit)
Okay, then.
Unknown command.
You feel strangely unstable.
This wand has 7 charges left.
The enchanted long sword hits you!
* * * LOW HITPOINT WARNING * * *
You take 12 damage, and have 17/105 hp.
The enchanted long sword hits you!!
You die...

#.###### ##)#
#....>.#########)#
###(..............).
####....###.####.....)#
..........##.####.####.#
###.#.....(............
.###.#....#..####...#...
...........#..# #.......
#..#####(@#.#..# #...#...
..†.))....#.#..####..###.#
#..####...#!#.......<.....
...............>.....
###...#.#######..###.#
#...#.# #..# ### ......#
#..# ##...## ...# #...#
#..##


You could see an enchanted long sword.

Vanquished Creatures
  2 orc warlords (Orc:3)
  A minotaur (Lab)
  The ghost of Alarkh the Brawler, a powerful TrCK of Xom (D:11)
  Fannar (Lair:5)
  3 hydras
  2 centaur warriors (D:13)
  A catoblepas (Lair:8)
  8 death yaks
  A deep troll shaman (Lair:8)
  A tengu warrior (D:14)
  A sun demon (Orc:4)
  5 orc high priests (Orc:4)
  Nergalle (Lair:6)
  5 skeletal warriors (D:12)
  An infernal demonspawn (Orc:4)
  An unseen horror (D:13)
  6 hill giants
  A putrid demonspawn (Orc:4)
  A lindwurm (Lair:8)
  7 orc knights
  A manticore (D:12)
  2 ugly things (D:13)
  7 orc sorcerers
  3 cyclopes
  6 black mambas
  12 elephants (Lair:8)
  A smoke demon (Orc:3)
  A molten gargoyle (Lair:4)
  A queen ant (Lair:8)
  3 torpor snails
  A naga mage (Lair:3)
  A centaur skeleton (D:11)
  9 spiny frogs
  3 gargoyles
  An orange demon (Orc:4)
  13 komodo dragons
  A queen bee (D:13)
  A polar bear (Lair:4)
  6 trolls
  A red devil (Orc:4)
  A hellwing (Orc:4)
  8 slime creatures (D:13)
  3 ravens (D:14)
  3 basilisks
  A trapdoor spider zombie (D:13)
  A two-headed ogre (D:10)
  7 blink frogs (Lair:4)
  A wraith (D:14)
  4 deep elf magi
  3 hungry ghosts
  2 spriggans (Lair:4)
  Eustachio (D:8)
  2 steam dragons
  A neqoxec (Orc:4)
  40 yaks
  7 wargs
  A fire elemental (Lair:4)
  7 hippogriffs
  6 soldier ants (Lair:8)
  3 vampire mosquitoes (D:12)
  23 wolves
  9 ice beasts
  17 water moccasins
  7 porcupines
  2 black bears
  A necrophage (D:11)
  A sky beast (D:12)
  An eye of draining (D:10)
  10 ogres
  36 orc warriors
  2 phantoms (D:13)
  8 centaurs
  A big kobold (D:12)
  Duvessa (D:7)
  8 crocodiles
  A gnoll sergeant (D:8)
  11 giant frogs
  A water moccasin zombie (D:8)
  A wyvern zombie (D:12)
  4 scorpions
  3 wyvern skeletons
  17 killer bees (D:13)
  15 wights
  5 crimson imps
  3 electric eels
  A quasit (D:11)
  A centaur zombie (D:7)
  Dowan (D:7)
  6 hounds
  A gnoll shaman (D:10)
  2 jellies
  28 orc priests
  A giant frog zombie (D:12)
  2 giant frog skeletons (D:12)
  26 orc wizards
  11 iguanas
  A spectral orc (Lair:6)
  26 worker ants
  14 sheep
  A hound skeleton (D:7)
  A worker ant zombie (D:9)
  22 adders
  44 river rats
  7 gnolls
  8 giant mites
  3 shadow imps
  4 orc zombies (Orc:4)
  3 adder skeletons
  An adder zombie (D:5)
  199 orcs
  14 bats
  A bat skeleton (D:7)
  8 giant cockroaches
  17 goblins
  21 hobgoblins
  7 jackals
  16 quokkas
  2 ball pythons
  7 giant geckos
  6 giant newts
  2 giant spores (D:10)
  16 kobolds
  13 rats
  2 ballistomycetes (D:6)
  A fungus (Lair:7)
  2 plants (Lair:8)
963 creatures vanquished.

Vanquished Creatures (collateral kills)
  A yak (D:7)
  A human (D:7)
  2 orc warriors
  An ogre (D:7)
  3 centaurs
  The ghost of raikaria the Changer, an average MfTm (D:3)
  A big kobold (D:10)
  A giant frog (D:7)
  A scorpion (D:8)
  A jelly (D:7)
  4 crimson imps
  4 hounds
  4 orc wizards
  5 worker ants
  2 orc priests (D:4)
  3 sheep (D:7)
  An iguana (D:7)
  Ijyb (D:2)
  5 adders
  14 gnolls
  A shadow imp (D:5)
  A giant mite (D:7)
  7 orcs
  A ball python (D:2)
  7 hobgoblins
  2 jackals
  7 kobolds
  2 quokkas
  5 giant cockroaches
  A giant gecko (D:5)
  A giant newt (D:2)
  3 goblins
  A quokka skeleton (D:4)
  A rat (D:4)
  3 ballistomycetes (D:6)
99 creatures vanquished.

Vanquished Creatures (others)
  23 crimson imps
  5 shadow imps
  26 white imps
  A giant spore (D:6)
  9 fungi
  11 plants
75 creatures vanquished.

Grand Total: 1137 creatures vanquished

Notes
Turn   | Place    | Note
--------------------------------------------------------------
     0 | D:1      | Kaladin, the Mummy Wizard, began the quest for the Orb.
     0 | D:1      | Reached XP level 1. HP: 13/13 MP: 4/4
    43 | D:1      | Reached skill level 1 in Conjurations
   527 | D:1      | Reached XP level 2. HP: 19/19 MP: 4/6
   550 | D:1      | Learned a level 2 spell: Call Imp
   553 | D:1      | Learned a level 2 spell: Blink
   844 | D:1      | Reached skill level 2 in Conjurations
  1323 | D:1      | Reached XP level 3. HP: 21/24 MP: 0/7
  1495 | D:1      | Learned a level 3 spell: Mephitic Cloud
  2283 | D:2      | Noticed Ijyb
  2293 | D:2      | Killed Ijyb
  2307 | D:2      | Reached skill level 3 in Conjurations
  2920 | D:2      | Found a shimmering altar of Xom.
  2965 | D:2      | Reached XP level 4. HP: 28/30 MP: 0/9
  3826 | D:3      | Reached skill level 1 in Summonings
  4315 | D:3      | Reached XP level 5. HP: 15/35 MP: 8/11
  4870 | D:3      | Noticed raikaria's ghost (average MfTm)
  4899 | D:4      | Found a staircase to the Ecumenical Temple.
  5059 | D:2      | Reached skill level 2 in Summonings
  5264 | D:5      | Entered Level 5 of the Dungeon
  5870 | D:5      | Found an opulent altar of Gozag.
  5872 | D:5      | Found a sparkling altar of Nemelex Xobeh.
  5948 | D:5      | Found an iron altar of Okawaru.
  6382 | D:5      | Reached skill level 3 in Summonings
  6629 | D:5      | Reached XP level 6. HP: 15/41 MP: 3/12
  7053 | Temple   | Entered the Ecumenical Temple
  7324 | Temple   | Became a worshipper of Sif Muna the Loreminder
  7352 | D:3      | HP: 7/41 [raikaria's ghost (9)]
  7360 | D:3      | Killed raikaria's ghost
  7763 | D:3      | Noticed Grinder
  8395 | D:4      | Reached skill level 4 in Conjurations
  8972 | D:4      | Got a smoking robe
  8983 | D:4      | Identified the +0 robe "Rohaen" {Int+2 Stlth+} (You took it off an orc wizard on level 4 of the Dungeon)
  9405 | D:4      | Reached XP level 7. HP: 40/46 MP: 14/14
  9422 | D:4      | Learned a level 3 spell: Conjure Flame
  9776 | D:6      | Found a burning altar of Makhleb.
  9811 | D:6      | Reached skill level 5 in Conjurations
  9852 | D:6      | Found a bloodstained altar of Trog.
  9930 | D:6      | HP: 10/46 [centaur/arrow (7)]
 10404 | D:7      | Acquired Sif Muna's first power
 11514 | D:6      | Reached skill level 6 in Conjurations
 12304 | D:7      | Noticed Duvessa
 12304 | D:7      | Noticed Dowan
 12696 | D:7      | Found a sacrificial altar of Ru.
 12856 | D:7      | Noticed a human
 12888 | D:6      | Reached XP level 8. HP: 42/52 MP: 8/16
 13001 | D:6      | Learned a level 2 spell: Repel Missiles
 13052 | D:7      | Acquired Sif Muna's second power
 13079 | D:7      | Killed Dowan
 13093 | D:7      | Killed Duvessa
 13093 | D:7      | Reached skill level 7 in Conjurations
 13162 | D:7      | Killed a human
 13211 | D:7      | Noticed a yak
 13226 | D:7      | Killed a yak
 13432 | D:7      | Reached skill level 8 in Conjurations
 14174 | D:8      | Found a shadowy altar of Dithmenos.
 14475 | D:8      | Noticed Eustachio
 14625 | D:8      | Reached skill level 1 in Short Blades
 14897 | D:8      | Reached skill level 2 in Short Blades
 14897 | D:8      | Reached XP level 9. HP: 57/57 MP: 17/17
 15100 | D:8      | Reached skill level 3 in Short Blades
 15471 | D:8      | Killed Eustachio
 15563 | D:8      | Found a glowing golden altar of the Shining One.
 15566 | D:8      | Found a radiant altar of Vehumet.
 15569 | D:8      | Found a shattered altar of Ashenzari.
 15668 | D:8      | Reached skill level 4 in Short Blades
 15740 | D:9      | Found a snail-covered altar of Cheibriados.
 16412 | D:9      | Got a brightly glowing ring mail
 16697 | D:9      | Found a blossoming altar of Fedhas.
 16726 | D:9      | Found a staircase to the Orcish Mines.
 16793 | D:10     | Entered Level 10 of the Dungeon
 17339 | D:9      | Found a white marble altar of Elyvilon.
 17710 | D:10     | Reached skill level 4 in Spellcasting
 17797 | D:10     | Noticed a hill giant
 17821 | D:10     | Killed a hill giant
 17821 | D:10     | Reached skill level 5 in Spellcasting
 17896 | D:10     | Acquired Sif Muna's third power
 17911 | D:10     | Learned a level 4 spell: Iskenderun's Mystic Blast
 17942 | D:10     | Found a staircase to the Lair.
 18021 | D:10     | Reached skill level 6 in Spellcasting
 18033 | D:10     | Noticed a hill giant
 18038 | D:10     | Killed a hill giant
 18038 | D:10     | Reached XP level 10. HP: 64/64 MP: 4/24
 18078 | D:10     | Learned a level 5 spell: Iskenderun's Battlesphere
 18097 | D:10     | Reached skill level 1 in Invocations
 18135 | D:10     | Reached skill level 2 in Invocations
 18283 | D:10     | Reached skill level 3 in Invocations
 18331 | D:10     | HP: 15/64 [wyvern skeleton (4)]
 19062 | D:10     | Reached skill level 4 in Invocations
 19552 | Lair:1   | Entered Level 1 of the Lair of Beasts
 19586 | Lair:1   | Reached skill level 5 in Invocations
 19741 | Lair:1   | Identified the +5 ring mail of Zin's Displeasure {rN+ MR+ rCorr Dex-5} (You found it on level 9 of the Dungeon)
 20151 | Lair:1   | Reached skill level 6 in Invocations
 20419 | Lair:1   | Reached skill level 1 in Fighting
 20520 | Lair:1   | Reached skill level 2 in Fighting
 20526 | Lair:1   | Reached skill level 3 in Fighting
 20552 | Lair:1   | Reached skill level 4 in Fighting
 20816 | Lair:1   | Reached XP level 11. HP: 44/78 MP: 3/25
 21111 | Lair:1   | Reached skill level 5 in Fighting
 21503 | Lair:1   | Reached skill level 6 in Fighting
 21623 | Lair:2   | Reached skill level 7 in Spellcasting
 21980 | Lair:2   | Noticed a seven-headed hydra
 22107 | Lair:2   | Reached skill level 2 in Dodging
 22239 | Lair:2   | Reached skill level 9 in Conjurations
 22721 | Lair:3   | Got a crude quarterstaff
 22722 | Lair:3   | Identified the +5 quarterstaff of Nugyefow {crush, -Cast +Blink MR+} (You found it on level 3 of the Lair of Beasts)
 22758 | Lair:3   | Reached skill level 3 in Dodging
 23093 | Lair:3   | Found a staircase to the Snake Pit.
 23147 | Lair:3   | Learned a level 2 spell: Blink
 23239 | Lair:3   | You fall through a shaft for 3 floors!
 23288 | Lair:7   | HP: 15/81 [yak (10)]
 23854 | Lair:7   | Got a bronze leather armour
 23868 | Lair:7   | Identified the +2 leather armour of Fitis {MR+ Regen+ MP+9 Int+6 Dex-2} (You found it on level 7 of the Lair of Beasts)
 23943 | Lair:7   | Noticed a death yak
 23944 | Lair:7   | Noticed a death yak
 23953 | Lair:7   | Noticed a death yak
 23953 | Lair:7   | Noticed a death yak
 23953 | Lair:7   | Noticed a death yak
 23959 | Lair:7   | Noticed a six-headed hydra
 24125 | Lair:5   | Reached skill level 1 in Armour
 24386 | Lair:5   | Found an opulent altar of Gozag.
 24398 | Lair:5   | Reached skill level 2 in Armour
 24554 | Lair:5   | Reached skill level 10 in Conjurations
 24556 | Lair:5   | Got a steaming robe
 24567 | Lair:5   | Identified the cursed -3 robe of Valiance {rN+ MR+ Stlth-} (You found it on level 5 of the Lair of Beasts)
 24641 | Lair:5   | Noticed Fannar
 24748 | Lair:5   | Killed Fannar
 24810 | Lair:5   | Reached skill level 3 in Armour
 25343 | Lair:4   | Reached XP level 12. HP: 88/88 MP: 19/27
 25410 | Lair:4   | Found a staircase to the Shoals.
 26485 | Lair:4   | Reached skill level 8 in Spellcasting
 26543 | Lair:4   | Received a gift from Sif Muna
 26546 | Lair:4   | Identified Sif Muna's Papyrus of Calling (Sif Muna gifted it to you on level 4 of the Lair of Beasts)
 27200 | Lair:4   | Reached skill level 11 in Conjurations
 27368 | Lair:6   | Found a viscous altar of Jiyva.
 27368 | Lair:6   | Found a staircase to the Slime Pits.
 27388 | Lair:6   | Noticed Nergalle
 27405 | Lair:6   | Killed Nergalle
 27495 | Lair:6   | Noticed a seven-headed hydra
 27648 | Lair:6   | Killed a seven-headed hydra
 27648 | Lair:6   | Reached skill level 9 in Spellcasting
 27963 | Lair:7   | Noticed a death yak
 28178 | Lair:7   | Killed a death yak
 28326 | Lair:7   | Killed a death yak
 28854 | Lair:7   | Received a gift from Sif Muna
 28862 | Lair:7   | Identified Sif Muna's Grimoire of Slavery (Sif Muna gifted it to you on level 7 of the Lair of Beasts)
 29272 | Lair:6   | Reached skill level 10 in Spellcasting
 29429 | Lair:6   | Killed a death yak
 29429 | Lair:6   | Reached XP level 13. HP: 93/93 MP: 3/31
 29607 | Lair:6   | Reached skill level 12 in Conjurations
 29884 | Lair:7   | Killed a death yak
 29890 | Lair:7   | Killed a death yak
 30060 | Lair:7   | Killed a death yak
 30483 | Lair:8   | Entered Level 8 of the Lair of Beasts
 30569 | Lair:8   | Reached skill level 1 in Charms
 30599 | Lair:8   | Found a labyrinth entrance.
 30609 | Lab      | Entered a labyrinth
 30688 | Lab      | Got a pair of ancient gloves
 30699 | Lab      | Identified the +1 pair of gloves "Smacwiar" {rC+ rCorr Int+5 Dex-2 Slay+3} (You found it in a labyrinth)
 30711 | Lab      | Got an iridescent eveningstar
 30712 | Lab      | Identified the +8 eveningstar of Peril {flame, rN+ Str+9 Int-4} (You took it off a minotaur in a labyrinth)
 30771 | Lair:8   | Learned a level 6 spell: Iron Shot
 30773 | Lair:8   | Learned a level 1 spell: Summon Butterflies
 30778 | Lair:8   | Learned a level 4 spell: Control Teleport
 30835 | Lair:8   | Reached skill level 7 in Invocations
 30837 | Lair:8   | Reached skill level 2 in Charms
 31047 | Lair:8   | Reached skill level 1 in Fire Magic
 31111 | Lair:8   | Reached skill level 2 in Fire Magic
 31247 | Lair:8   | Reached skill level 3 in Fire Magic
 31636 | Lair:8   | Received a gift from Sif Muna
 31645 | Lair:8   | Identified Sif Muna's Collected Works on Igneous Attacks (Sif Muna gifted it to you on level 8 of the Lair of Beasts)
 31870 | Lair:8   | Reached skill level 4 in Fire Magic
 32311 | Lair:8   | Reached skill level 8 in Invocations
 32710 | Lair:8   | Learned a level 5 spell: Fireball
 33034 | Lair:8   | Reached skill level 5 in Fire Magic
 33081 | Lair:8   | Identified the Tome of Harmful Flight
 33310 | Lair:5   | Learned a level 6 spell: Bolt of Fire
 33613 | Orc:1    | Entered Level 1 of the Orcish Mines
 33868 | Orc:1    | Found Jeceriynoz's Antique Armour Boutique.
 34296 | Orc:3    | Reached XP level 14. HP: 100/100 MP: 31/32
 34359 | Orc:3    | Noticed an orc warlord
 34543 | Orc:3    | Found Xeutoejal's General Store.
 34559 | Orc:3    | Bought a scroll of blinking for 120 gold pieces
 34564 | Orc:3    | Bought a wand of cold (7) for 352 gold pieces
 34793 | Orc:3    | Noticed an orc warlord
 34846 | Orc:3    | Killed an orc warlord
 34846 | Orc:3    | Reached skill level 11 in Spellcasting
 34899 | Orc:3    | Got a sparkling tin amulet
 34991 | Orc:4    | Entered Level 4 of the Orcish Mines
 35010 | Orc:4    | Found a staircase to the Elven Halls.
 35124 | Orc:4    | Reached skill level 6 in Fire Magic
 35524 | Orc:4    | Found Psaprae's General Store.
 35718 | Orc:4    | Found Oqufour's Magic Scroll Shop.
 36561 | Orc:4    | Received a gift from Sif Muna
 36561 | Orc:4    | Reached skill level 7 in Fire Magic
 36570 | Orc:4    | Identified Lehudib's Volume of the Pit (Sif Muna gifted it to you on level 4 of the Orcish Mines)
 37189 | Orc:4    | Reached skill level 8 in Fire Magic
 37394 | Orc:4    | Found Ymiutioli's Antique Weapon Shoppe.
 37394 | Orc:4    | Found a one-way gate leading to the halls of Pandemonium.
 37394 | Orc:4    | Found Goish's Gadget Emporium.
 37793 | Orc:4    | Bought a scroll of recharging for 114 gold pieces
 37793 | Orc:4    | Bought a scroll of teleportation for 36 gold pieces
 37835 | Orc:3    | Bought a scroll of recharging for 152 gold pieces
 38301 | Orc:3    | Killed an orc warlord
 38369 | Orc:3    | Got a twitching golden amulet
 38371 | Orc:3    | Identified the amulet of Jealousy {Stasis rPois rF+ Str-5 Dex+4 Stlth-} (You took it off an orc warrior on level 3 of the Orcish Mines)
 38373 | Orc:3    | Identified the amulet "Ghukh" {Ward rElec rN+} (You took it off an orc on level 3 of the Orcish Mines)
 38795 | D:11     | Reached skill level 9 in Fire Magic
 39118 | D:11     | Noticed Alarkh's ghost (powerful TrCK)
 39121 | D:11     | Killed Alarkh's ghost
 40860 | D:12     | Got a smoking spear
 40898 | D:12     | Identified the +11 spear "Clioxtue" {drain, +Inv rElec MR+ Str-2 SInv} (You found it on level 12 of the Dungeon)
 40958 | D:12     | Reached skill level 9 in Invocations
 41214 | D:12     | Reached XP level 15. HP: 105/105 MP: 32/34
 41428 | D:12     | Received a gift from Sif Muna
 41445 | D:12     | Identified Sif Muna's Catalogue of Combat Magic (Sif Muna gifted it to you on level 12 of the Dungeon)
 42167 | D:13     | Reached skill level 12 in Spellcasting
 42391 | D:13     | Got a heavily runed silver amulet
 42414 | D:13     | Found Klevva's Antique Weapon Shop.
 43013 | D:13     | Reached skill level 10 in Invocations
 43854 | D:13     | Identified the amulet "Iriesm" {Spirit MP+9} (You found it on level 13 of the Dungeon)
 44094 | D:14     | HP: 17/105 [enchanted long sword (12)]
 44095 | D:14     | Slain by an enchanted long sword

Action                   |  1- 3 |  4- 6 |  7- 9 | 10-12 | 13-15 || total
-------------------------+-------+-------+-------+-------+-------++-------
Melee: Club              |    10 |    18 |    42 |       |       ||    70
       Dagger            |       |       |    26 |   181 |    31 ||   238
       Staff             |       |       |       |       |     3 ||     3
Throw: Stone             |     6 |    21 |    16 |       |       ||    43
 Cast: Magic Dart        |   112 |   155 |   366 |    14 |   442 ||  1089
       Call Imp          |     8 |   104 |   142 |     1 |       ||   255
       Conjure Flame     |       |       |    43 |     9 |    10 ||    62
       Mephitic Cloud    |       |       |    33 |    26 |    22 ||    81
       Blink             |       |       |     8 |    59 |    54 ||   121
       Iskenderun's Myst |       |       |    10 |   413 |   184 ||   607
       Iskenderun's Batt |       |       |       |    41 |   121 ||   162
       Repel Missiles    |       |       |       |     1 |     5 ||     6
       Bolt of Fire      |       |       |       |       |   301 ||   301
       Fireball          |       |       |       |       |    25 ||    25
Invok: Channel Energy    |       |       |   148 |   389 |   508 ||  1045
       Forget Spell      |       |       |       |     1 |     4 ||     5
Evoke: Wand              |       |       |     1 |    14 |    14 ||    29
  Use: Scroll            |     5 |     8 |    15 |    16 |    17 ||    61
 Stab: Confused          |       |       |     1 |     5 |       ||     6

Vault maps used:
D:1:      elethiomel_arrival_quiet
D:2:      lemuel_coloured_pillars_altar, first_bread, uniq_iyjb
D:3:      uniq_grinder
D:4:      minmay_temple_entry_mist
D:5:      grunt_temple_overflow_opulence, okawaru_trees_1
D:6:      serial_park_square1, lemuel_doored_altar, kennysheep_mini_moat
D:7:      nicolae_ru_great_annihilating_truth, serial_pond,
          minmay_pond_plants_e, minmay_pond_plants_c, minmay_pond_plants_k,
          minmay_pond_plants_e, grunt_livestock, uniq_duvessa
D:8:      nicolae_dithmenos_shadow_blocks, grunt_temple_overflow_diamond,
          sword_in_stone, uniq_eustachio
D:9:      old_standard_altar, kennysheep_little_box, fedhas_altar_4, orc_0_dummy
D:10:     erik_lair_orcish_takeover, dk_rats_in_the_wall
D:11:     portal_ice_cave_entry_ice_beasts, st_stairs_1, spider_trap
D:13:     serial_glass, glass_columns_b, glass_columns_c, glass_columns_c,
          glass_columns_a, glass_columns_c, glass_columns_a, serial_shops,
          nicolae_shop_window_shopping, minivault_7
D:14:     erik_vaults_1, minmay_stone_trees_large, grunt_decor_one_mirror,
          minmay_statue_crystal_thing
Temple:   nicolae_temple_hex_pool_5
Lair:1:   grunt_megastairs_2
Lair:2:   minmay_holes, nicolae_quartered_pool_little
Lair:3:   minmay_snake_entry_spellcaster, minivault_23
Lair:4:   minmay_lair_venomous_thicket, elwin_shoals_entry_rocks,
          forest_entry_grove
Lair:5:   lemuel_oklob_altar, uniq_fannar
Lair:6:   slime_altar_1, infiniplex_staircase_pool, uniq_nergalle
Lair:7:   grunt_forest_stairs_basic
Lair:8:   grunt_lair_end_beastmaster, lab_entry_generic, zaba_antful_of_joy
Orc:1:    serial_shops, nicolae_shop_crystal
Orc:2:    nicolae_orc_lava_room
Orc:3:    serial_shops, shop_fountains, nicolae_orc_pool_cavern,
          minmay_orc_treasury
Orc:4:    pf_orc_diabolical, nicolae_orc_rockfall
Lab:      nicolae_lab_dead_adventurers, nicolae_lab_dead_end,
          labyrinth_skeletal_remains, labyrinth_glass_1, lab_hedge,
          nicolae_lab_swirl, labyrinth_fake_exit, nicolae_lab_grate

Table legend:
 A = Turns spent in this place as a percentage of turns spent in the entire game.
 B = Non-inter-level travel turns spent in this place as a percentage of non-inter-level travel turns spent in the entire game.
 C = Inter-level travel turns spent in this place as a percentage of turns spent in this place.
 D = Turns resting spent in this place as a percentage of non-inter-level travel turns spent in this place.
 E = Turns spent auto-exploring this place as a percentage of non-inter-level travel turns spent in this place.
 F = Non-inter-level travel turns spent in this place divided by the number of levels of this place that you've seen.
                   A       B       C       D       E      F
               +-------+-------+-------+-------+-------+----------------------
         Total | 100.0 | 100.0 |   0.3 |   3.8 |   3.0 | 667.2
       Dungeon |  53.5 |  53.5 |   0.3 |   4.5 |   3.6 | 713.4
        Temple |   0.2 |   0.2 |   4.7 |   7.3 |   9.8 |  41.0
          Lair |  28.5 |  28.5 |   0.4 |   3.6 |   2.1 | 664.8
  Orcish Mines |  17.1 |  17.1 |   0.2 |   2.3 |   2.8 | 800.5
     Labyrinth |   0.7 |   0.7 |   0.0 |   0.0 |   0.0 | 133.0
               +-------+-------+-------+-------+-------+----------------------

Table legend:
 A = Kills in this place as a percentage of kills in entire the game.
 B = Kills by you in this place as a percentage of kills by you in the entire game.
 C = Kills by friends in this place as a percentage of kills by friends in the entire game.
 D = Other kills in this place as a percentage of other kills in the entire game.
 E = Experience gained in this place as a percentage of experience gained in the entire game.
 F = Experience gained in this place divided by the number of levels of this place that you have seen.
                   A       B       C       D       E      F
               +-------+-------+-------+-------+-------+----------------------
         Total | 100.0 | 100.0 | 100.0 | 100.0 | 100.0 | 4408.5
       Dungeon |  46.1 |  41.1 |  96.9 |  28.6 |  33.5 | 2954.4
          Lair |  28.2 |  30.5 |   3.1 |  57.1 |  43.7 | 6743.2
  Orcish Mines |  25.6 |  28.3 |   0.0 |  14.3 |  21.9 | 6771.2
     Labyrinth |   0.1 |   0.1 |   0.0 |   0.0 |   0.8 | 1045.0
               +-------+-------+-------+-------+-------+----------------------
